 Dungeon Crawl Stone Soup version 0.16.1-16-gc44b35d (webtiles) character file.

72 wojtek the Cutter (level 4, 0/26 HPs)
             Began as a Kobold Assassin on Apr 19, 2015.
             Slain by an adder (5 damage)
             ... on level 2 of the Dungeon.
             The game lasted 00:02:31 (1594 turns).

wojtek the Cutter (Kobold Assassin)                 Turns: 1594, Time: 00:02:31

Health: 0/26       AC:  3    Str:  9    XL:     4   Next: 48%
Magic:  4/4        EV: 19    Int: 10    God:
Gold:   92         SH:  0    Dex: 22    Spells: 0 memorised, 3 levels left

rFire  . . .     SeeInvis .     a - +2 dagger
rCold  . . .     Clarity  .     c - +0 robe
rNeg   . . .     SustAb   .     (no shield)
rPois  .         Gourm    .     (no helmet)
rElec  .         Spirit   .     d - +0 cloak
rCorr  .         Warding  .     (no gloves)
rMut   .         Stasis   .     (no boots)
MR     .....                    (no amulet)
Stlth  +++++.....               (no ring)
                                (no ring)

@: agile, lethally poisoned (0 -> -2), not resistant to hostile enchantments,
quite stealthy
A: carnivore 3
a: no special abilities


You were on level 2 of the Dungeon.
You were very full.

You visited 1 branch of the dungeon, and saw 2 of its levels.

You collected 92 gold pieces.

Inventory:

Hand weapons
 a - a +2 dagger (weapon)
 b - a +0 blowgun
Missiles
 e - 13 poisoned needles
 f - 2 curare-tipped needles
Armour
 c - a +0 robe (worn)
 d - a +0 cloak (worn)
 s - a +3 chain mail of fire resistance
 t - a cursed +0 ring mail
Jewellery
 k - an uncursed ring of ice {unknown}
Scrolls
 h - a scroll of random uselessness {unknown}
 j - 2 scrolls of fog {unknown}
 l - 2 scrolls of remove curse {unknown}
 m - a scroll of teleportation {unknown}
 q - a scroll of fear {unknown}
 r - 2 scrolls of identify {unknown}
 u - a scroll of magic mapping {unknown}
Potions
 n - a potion of curing {unknown}
 p - a potion of restore abilities {unknown}
Comestibles
 g - 3 meat rations
 o - a beef jerky
 v - a chunk of flesh


   Skills:
 - Level 2.1 Fighting
 + Level 5.8 Short Blades
 - Level 2.6 Throwing
 - Level 1.2 Dodging
 - Level 5.3 Stealth


You had 3 spell levels left.
You didn't know any spells.

Dungeon Overview and Level Annotations

Branches:
Dungeon (2/15)

Altars:


Innate Abilities, Weirdness & Mutations

You are small and have problems with some larger weapons.
You are carnivorous and can eat meat at any time.


Message History

You hit the adder.
The adder is almost dead.
The adder completely misses you. The giant mite misses you.
The giant gecko bites you.
* * * LOW HITPOINT WARNING * * *
You are too injured to fight recklessly!
You are too injured to fight recklessly!
You are too injured to fight recklessly!
You are too injured to fight recklessly!
You are too injured to fight recklessly!
You are too injured to fight recklessly!
You are too injured to fight recklessly!
You are too injured to fight recklessly!
You are too injured to fight recklessly!
The giant mite closely misses you.
Drink which item? (? for menu, Esc to quit)
It was a potion of agility.
You feel agile all of a sudden.
You feel sick. The adder bites you.
You die...

#### ####...###
#.........# .
#....)....# ...
#.........# .
....# #.........#
.. .....#
#.sS).....# ...
......##.@#...####
. ..........######
..........#
..?...#.#.##
....#..#..# ..
#.###.## .. #..#
## ### ##.# .##..
#.#


You could see an adder and a giant mite.

Vanquished Creatures
  Terence (D:2)
  An adder (D:2)
  A worm (D:2)
  A giant gecko (D:1)
  An ooze (D:1)
  8 bats
  3 giant cockroaches (D:1)
  4 hobgoblins
  8 goblins
  7 kobolds
  3 rats (D:1)
38 creatures vanquished.

Notes
Turn   | Place    | Note
--------------------------------------------------------------
     0 | D:1      | wojtek, the Kobold Assassin, began the quest for the Orb.
     0 | D:1      | Reached XP level 1. HP: 12/12 MP: 1/1
   199 | D:1      | Reached XP level 2. HP: 17/17 MP: 2/2
   377 | D:1      | Reached XP level 3. HP: 19/21 MP: 3/3
  1119 | D:2      | Noticed Terence
  1136 | D:2      | Killed Terence
  1136 | D:2      | Reached skill level 5 in Short Blades
  1136 | D:2      | Reached XP level 4. HP: 22/26 MP: 4/4
  1594 | D:2      | Slain by an adder

Action                   |  1- 3 |  4- 6 || total
-------------------------+-------+-------++-------
Melee: Dagger            |    73 |    50 ||   123
 Fire: Blowgun           |     4 |       ||     4
  Use: Potion            |       |     1 ||     1
 Stab: Sleeping          |     7 |     1 ||     8
  Eat: Chunk             |     8 |     2 ||    10
